3AA
WESTWOOD SIXSHOOTERS @ DURHAM RAPIERS
08/18/2034
 
TOP OF THE 1ST
Westwood Sixshooters batting - Pitching for Durham Rapiers : RHP Ángel Roldán
Pitching: RHP Ángel Roldán
Batting: RHB Wallace Bane 0-0: Ball
1-0: Called Strike
1-1: Ground out 5-3 (Groundball, 5)
Batting: SHB Jin-yong Ch'oe 0-0: Called Strike
0-1: SINGLE (Groundball, 4S) (infield hit)
Batting: RHB Simone Catalani 0-0: Called Strike
0-1: Fly out, F6 (Popup, P)
Batting: LHB David Muller 0-0: Ball
1-0: Called Strike
1-1: Foul Ball, location: 2F
1-2: DOUBLE (Groundball, 3L)
Jin-yong Ch'oe to third
Jin-yong Ch'oe scores
Batting: RHB George Cook 0-0: Fly out, F8 (Flyball, 8LS)
Top of the 1st over - 1 run, 2 hits, 0 errors, 1 left on base; Westwood 1 - Durham 0
BOTTOM OF THE 1ST
Durham Rapiers batting - Pitching for Westwood Sixshooters : RHP David Lister
Pitching: RHP David Lister
Batting: RHB Lu-fang Koo 0-0: Ball
1-0: Foul Ball, location: 2F
1-1: Foul Ball, location: 2F
1-2: SINGLE (Flyball, 78M)
Batting: RHB Huai-yi Yang 0-0: Reached on error, E3 (Groundball, 3)
Lu-fang Koo to second
Batting: RHB Juan Guzmán 0-0: Ball
1-0: Ball
2-0: Foul Ball, location: 2F
2-1: Fly out, F9 (Flyball, 9LM)
Batting: RHB Mason Congdon 0-0: Called Strike
0-1: Ball
1-1: SINGLE (Groundball, 6MD)
Lu-fang Koo to third
Huai-yi Yang to second
Runner from 3rd tries for Home, SAFE, no throw
Batting: LHB Dante Aristizabal 0-0: Grounds into double play, 4-6-3 (Groundball, 4)
Bottom of the 1st over - 1 run, 2 hits, 1 error, 1 left on base; Westwood 1 - Durham 1
TOP OF THE 2ND
Westwood Sixshooters batting - Pitching for Durham Rapiers : RHP Ángel Roldán
Batting: RHB Cody Riddle 0-0: Ball
1-0: Foul Ball, location: 2F
1-1: Called Strike
1-2: Foul Ball, location: 2F
1-2: Strikes out swinging
Batting: SHB Julián Valentín 0-0: Called Strike
0-1: Ball
1-1: Ball
2-1: Ball
3-1: Base on Balls
Batting: SHB Joel Field 0-0: Ball
1-0: Called Strike
1-1: DOUBLE (Line Drive, 7LD)
Julián Valentín to third
Julián Valentín scores
Batting: SHB José Tirado 0-0: Called Strike
0-1: Called Strike
0-2: SINGLE (Groundball, 56S) (infield hit)
Joel Field to third
Batting: RHB Wallace Bane 0-0: Ball
1-0: Foul Ball, location: 2F
1-1: Called Strike
José Tirado is caught stealing 2nd base
1-2: SINGLE (Line Drive, 6MD)
Joel Field scores
Batting: SHB Jin-yong Ch'oe 0-0: Ball
1-0: Foul Ball, location: 2F
1-1: Foul Ball, location: 2F
1-2: Ground out 4-3 (Groundball, 4)
Top of the 2nd over - 2 runs, 3 hits, 0 errors, 1 left on base; Westwood 3 - Durham 1
BOTTOM OF THE 2ND
Durham Rapiers batting - Pitching for Westwood Sixshooters : RHP David Lister
Batting: RHB Yoshi Kouda 0-0: Called Strike
0-1: Swinging Strike
0-2: Ball
1-2: DOUBLE (Line Drive, 89D)
Batting: RHB Tso-i Wang 0-0: Ball
1-0: Called Strike
1-1: Fly out, F4 (Popup, 4M)
Batting: SHB Rafael González 0-0: Foul Ball, location: 2F
0-1: Foul Ball, location: 2F
0-2: Ball
1-2: Ball
2-2: DOUBLE (Flyball, 8RXD)
Yoshi Kouda scores
Batting: RHB Harlan Thompson 0-0: Ball
1-0: Ball
2-0: Called Strike
2-1: Fly out, F7 (Line Drive, 78M)
Batting: RHB Lu-fang Koo 0-0: Swinging Strike
0-1: Foul Ball, location: 2F
0-2: Foul Ball, location: 2F
0-2: Foul Ball, location: 2F
0-2: Ball
1-2: SINGLE (Groundball, 6D)
Rafael González to third
Runner from 3rd tries for Home, SAFE, no throw
Batting: RHB Huai-yi Yang 0-0: Ball
Lu-fang Koo steals 2nd base
1-0: Ball
2-0: Fly out, F9 (Line Drive, 89S)
Bottom of the 2nd over - 2 runs, 3 hits, 0 errors, 1 left on base; Westwood 3 - Durham 3
TOP OF THE 3RD
Westwood Sixshooters batting - Pitching for Durham Rapiers : RHP Ángel Roldán
Batting: RHB Simone Catalani 0-0: Ball
1-0: Ground out 6-3 (Groundball, 6)
Batting: LHB David Muller 0-0: DOUBLE (Groundball, 3L)
Batting: RHB George Cook 0-0: Called Strike
0-1: Ball
1-1: Ball
2-1: Foul Ball, location: 2F
2-2: Ball
3-2: Strikes out swinging
Batting: RHB Cody Riddle 0-0: SINGLE (Flyball, 7LM)
David Muller to third
Runner from 3rd tries for Home, SAFE, no throw
Batting: SHB Julián Valentín 0-0: TRIPLE (Flyball, 8RXD)
Cody Riddle scores
Batting: SHB Joel Field 0-0: Ball
1-0: Called Strike
1-1: Foul Ball, location: 2F
1-2: DOUBLE (Line Drive, 9LD)
Julián Valentín scores
Batting: SHB José Tirado 0-0: SINGLE (Groundball, 4D)
Joel Field to third
Runner from 3rd tries for Home, SAFE, throw made home
Pitching: RHP Rusty Maxson
Batting: RHB Wallace Bane 0-0: Ball
1-0: Ball
2-0: Foul Ball, location: 2F
2-1: Foul Ball, location: 2F
2-2: Fly out, F6 (Line Drive, 6M)
Top of the 3rd over - 4 runs, 5 hits, 0 errors, 1 left on base; Westwood 7 - Durham 3
BOTTOM OF THE 3RD
Durham Rapiers batting - Pitching for Westwood Sixshooters : RHP David Lister
Batting: RHB Juan Guzmán 0-0: Called Strike
0-1: Ball
1-1: Foul Ball, location: 2F
1-2: Ball
2-2: Ball
3-2: Base on Balls
Batting: RHB Mason Congdon 0-0: Ball
1-0: Ball
2-0: Fly out, F8 (Flyball, 8RS)
Batting: LHB Dante Aristizabal 0-0: SINGLE (Line Drive, 78S)
Juan Guzmán to second
Batting: RHB Yoshi Kouda 0-0: Called Strike
0-1: Ball
1-1: Fly out, F8 (Line Drive, 8LD)
Batting: RHB Tso-i Wang 0-0: Ball
1-0: Ball
2-0: Ball
3-0: Base on Balls
Juan Guzmán to third
Dante Aristizabal to second
Batting: SHB Rafael González 0-0: Called Strike
0-1: Ground out U3 (Groundball, 3S)
Bottom of the 3rd over - 0 runs, 1 hit, 0 errors, 3 left on base; Westwood 7 - Durham 3
TOP OF THE 4TH
Westwood Sixshooters batting - Pitching for Durham Rapiers : RHP Rusty Maxson
Batting: SHB Jin-yong Ch'oe 0-0: Called Strike
0-1: Ball
1-1: Foul Ball, location: 2F
1-2: Ball
2-2: Ball
3-2: Ground out 4-3 (Groundball, 4D)
Batting: RHB Simone Catalani 0-0: SINGLE (Line Drive, 5)
Batting: LHB David Muller 0-0: Called Strike
0-1: Ball
1-1: Ball
2-1: Ball
3-1: Base on Balls
Simone Catalani to second
Batting: RHB George Cook 0-0: Called Strike
0-1: Ball
1-1: Grounds into double play, 1-6-3 (Groundball, 13S)
Top of the 4th over - 0 runs, 1 hit, 0 errors, 1 left on base; Westwood 7 - Durham 3
BOTTOM OF THE 4TH
Durham Rapiers batting - Pitching for Westwood Sixshooters : RHP David Lister
Batting: RHB Harlan Thompson 0-0: Called Strike
0-1: Foul Ball, location: 2F
0-2: Ball
1-2: Ball
2-2: Ball
3-2: Fly out, F9 (Flyball, 89S)
Batting: RHB Lu-fang Koo 0-0: Called Strike
0-1: Ball
1-1: TRIPLE (Flyball, 78XD)
Batting: RHB Huai-yi Yang 0-0: Called Strike
0-1: Foul Ball, location: 2F
0-2: Ball
1-2: Ball
2-2: DOUBLE (Flyball, 89XD)
Lu-fang Koo scores
Batting: RHB Juan Guzmán 0-0: 2-RUN HOME RUN (Flyball, 7LD), Distance : 350 ft
Batting: RHB Mason Congdon 0-0: Ball
1-0: SOLO HOME RUN (Flyball, 9LD), Distance : 353 ft
Batting: LHB Dante Aristizabal 0-0: Called Strike
0-1: Fly out, F7 (Flyball, 78M)
Batting: RHB Yoshi Kouda 0-0: Fly out, F9 (Flyball, 9LS)
Bottom of the 4th over - 4 runs, 4 hits, 0 errors, 0 left on base; Westwood 7 - Durham 7
TOP OF THE 5TH
Westwood Sixshooters batting - Pitching for Durham Rapiers : RHP Rusty Maxson
Batting: RHB Cody Riddle 0-0: Swinging Strike
0-1: Ball
1-1: Called Strike
1-2: Strikes out swinging
Batting: SHB Julián Valentín 0-0: Foul Ball, location: 2F
0-1: Swinging Strike
0-2: Foul Ball, location: 2F
0-2: Strikes out swinging
Batting: SHB Joel Field 0-0: Ground out U3 (Groundball, 3)
Top of the 5th over - 0 runs, 0 hits, 0 errors, 0 left on base; Westwood 7 - Durham 7
BOTTOM OF THE 5TH
Durham Rapiers batting - Pitching for Westwood Sixshooters : RHP David Lister
Batting: RHB Tso-i Wang 0-0: Called Strike
0-1: Ball
1-1: Called Strike
1-2: Ball
2-2: Ball
3-2: Foul Ball, location: 2F
3-2: Fly out, F7 (Line Drive, 7S)
Batting: SHB Rafael González 0-0: Called Strike
0-1: Ball
1-1: Ball
2-1: Foul Ball, location: 2F
2-2: Ball
3-2: Base on Balls
Batting: RHB Harlan Thompson 0-0: Ball
1-0: Called Strike
1-1: Swinging Strike
1-2: Foul Ball, location: 2F
1-2: Ball
2-2: Foul Ball, location: 2F
2-2: Foul Ball, location: 2F
2-2: Foul Ball, location: 2F
2-2: Ball
3-2: Ground out 3-1 (Groundball, 34D)
Rafael González to second
Batting: RHB Lu-fang Koo 0-0: Ball
1-0: Called Strike
1-1: Swinging Strike
1-2: Ball
2-2: Strikes out looking
Bottom of the 5th over - 0 runs, 0 hits, 0 errors, 1 left on base; Westwood 7 - Durham 7
TOP OF THE 6TH
Westwood Sixshooters batting - Pitching for Durham Rapiers : RHP Rusty Maxson
Batting: SHB José Tirado 0-0: Called Strike
0-1: Swinging Strike
0-2: Ball
1-2: Strikes out swinging
Batting: RHB Wallace Bane 0-0: Ball
1-0: Called Strike
1-1: Fly out, F9 (Flyball, 89S)
Batting: SHB Jin-yong Ch'oe 0-0: Called Strike
0-1: SINGLE (Groundball, 4D)
Batting: RHB Simone Catalani 0-0: Ball
1-0: Ball
2-0: Called Strike
2-1: Swinging Strike
2-2: Ball
3-2: Foul Ball, location: 2F
3-2: Strikes out looking
Top of the 6th over - 0 runs, 1 hit, 0 errors, 1 left on base; Westwood 7 - Durham 7
BOTTOM OF THE 6TH
Durham Rapiers batting - Pitching for Westwood Sixshooters : RHP David Lister
Pitching: RHP Jin Kwon
Batting: RHB Huai-yi Yang 0-0: Called Strike
0-1: Ball
1-1: Ball
2-1: Ball
3-1: Called Strike
3-2: Fly out, F7 (Line Drive, 78M)
Batting: RHB Juan Guzmán 0-0: Ball
1-0: Ball
2-0: Ball
3-0: Called Strike
3-1: Base on Balls
Batting: RHB Mason Congdon 0-0: Swinging Strike
0-1: Ball
1-1: Ball
2-1: Called Strike
2-2: Ball
3-2: Base on Balls
Juan Guzmán to second
Batting: LHB Dante Aristizabal 0-0: Ball
1-0: Ball
2-0: Foul Ball, location: 2F
2-1: Foul Ball, location: 2F
2-2: Strikes out swinging
Batting: RHB Yoshi Kouda 0-0: Foul Ball, location: 2F
0-1: Swinging Strike
0-2: Ball
1-2: Foul Ball, location: 2F
1-2: Ball
2-2: Foul Ball, location: 2F
2-2: Foul Ball, location: 2F
2-2: Ball
3-2: DOUBLE (Line Drive, 89D)
Juan Guzmán scores
Mason Congdon to third
Mason Congdon scores
Batting: RHB Tso-i Wang 0-0: Ball
1-0: Called Strike
1-1: Ball
2-1: Foul Ball, location: 2F
2-2: Hit by Pitch
Pitching: RHP Jorge Travieso
Batting: SHB Rafael González 0-0: SINGLE (Groundball, 34D)
Yoshi Kouda to third
Tso-i Wang to second
Runner from 3rd tries for Home, SAFE, no throw
Batting: RHB Harlan Thompson 0-0: Ball
1-0: Ball
2-0: Called Strike
2-1: Ball
3-1: Foul Ball, location: 2F
3-2: Base on Balls
Tso-i Wang to third
Rafael González to second
Batting: RHB Lu-fang Koo 0-0: Swinging Strike
0-1: Ball
1-1: Ball
2-1: Ball
Wild Pitch!
Tso-i Wang scores
Rafael González to third
Harlan Thompson to second
3-1: Foul Ball, location: 2F
3-2: Foul Ball, location: 2F
3-2: SINGLE (Groundball, 6MD)
Rafael González scores
Harlan Thompson to third
Harlan Thompson scores
Batting: RHB Huai-yi Yang 0-0: Ball
1-0: Swinging Strike
1-1: Ball
Lu-fang Koo steals 2nd base
2-1: Fly out, F8 (Flyball, 8LD)
Bottom of the 6th over - 6 runs, 3 hits, 0 errors, 1 left on base; Westwood 7 - Durham 13
TOP OF THE 7TH
Westwood Sixshooters batting - Pitching for Durham Rapiers : RHP Rusty Maxson
Batting: LHB David Muller 0-0: Foul Ball, location: 2F
0-1: Ball
1-1: Ball
2-1: Ball
3-1: Called Strike
3-2: Foul Ball, location: 2F
3-2: Base on Balls
Batting: RHB George Cook 0-0: Ball
1-0: Fly out, F8 (Flyball, 78D)
Batting: RHB Cody Riddle 0-0: Ball
1-0: Called Strike
David Muller steals 2nd base
1-1: SINGLE (Flyball, 78S)
David Muller to third
Runner from 3rd tries for Home, SAFE, no throw
Pitching: LHP Archie Erickson
Batting: SHB Julián Valentín 0-0: Ball
1-0: Ball
2-0: Called Strike
2-1: Foul Ball, location: 2F
2-2: Ball
3-2: Strikes out swinging
Batting: SHB Joel Field 0-0: Ball
1-0: Ball
2-0: Swinging Strike
2-1: Ground out 1-3 (Groundball, 15S)
Top of the 7th over - 1 run, 1 hit, 0 errors, 1 left on base; Westwood 8 - Durham 13
BOTTOM OF THE 7TH
Durham Rapiers batting - Pitching for Westwood Sixshooters : RHP Jorge Travieso
Batting: RHB Juan Guzmán 0-0: Ground out 5-3 (Groundball, 25)
Batting: RHB Mason Congdon 0-0: Ball
1-0: Called Strike
1-1: Called Strike
1-2: Ball
2-2: Ball
3-2: Base on Balls
Batting: LHB Dante Aristizabal 0-0: Called Strike
0-1: Foul Ball, location: 2F
0-2: Strikes out swinging
Batting: RHB Yoshi Kouda 0-0: Foul Ball, location: 2F
0-1: SINGLE (Line Drive, 8RS)
Mason Congdon to second
Batting: RHB Tso-i Wang 0-0: Foul Ball, location: 2F
0-1: Foul Ball, location: 2F
0-2: Foul Ball, location: 2F
0-2: Ball
1-2: Ball
2-2: SINGLE (Flyball, 8LS)
Mason Congdon to third
Yoshi Kouda to second
Runner from 3rd tries for Home, SAFE, no throw
Batting: SHB Rafael González 0-0: Ground out 4-3 (Groundball, 34)
Bottom of the 7th over - 1 run, 2 hits, 0 errors, 2 left on base; Westwood 8 - Durham 14
TOP OF THE 8TH
Westwood Sixshooters batting - Pitching for Durham Rapiers : LHP Archie Erickson
Batting: SHB José Tirado 0-0: Foul Ball, location: 2F
0-1: Ball
1-1: Swinging Strike
1-2: Foul Ball, location: 2F
1-2: Strikes out swinging
Batting: RHB Wallace Bane 0-0: Ball
1-0: Foul Ball, location: 2F
1-1: Fly out, F6 (Popup, 6MD)
Batting: SHB Jin-yong Ch'oe 0-0: Ball
1-0: Ball
2-0: Foul Ball, location: 2F
2-1: Ball
3-1: Fly out, F7 (Flyball, 7D)
Top of the 8th over - 0 runs, 0 hits, 0 errors, 0 left on base; Westwood 8 - Durham 14
BOTTOM OF THE 8TH
Durham Rapiers batting - Pitching for Westwood Sixshooters : RHP Jorge Travieso
Batting: RHB Harlan Thompson 0-0: Called Strike
0-1: Fly out, F7 (Flyball, 7)
Batting: RHB Lu-fang Koo 0-0: Ball
1-0: Ball
2-0: Ball
3-0: Base on Balls
Batting: RHB Huai-yi Yang 0-0: Ball
1-0: Fly out, F2 (Popup, 2LF)
Batting: RHB Juan Guzmán 0-0: SINGLE (Line Drive, 8RS)
Lu-fang Koo to second
Batting: RHB Mason Congdon 0-0: Called Strike
0-1: Ball
1-1: Swinging Strike
1-2: Foul Ball, location: 2F
1-2: Ball
2-2: Strikes out swinging
Bottom of the 8th over - 0 runs, 1 hit, 0 errors, 2 left on base; Westwood 8 - Durham 14
TOP OF THE 9TH
Westwood Sixshooters batting - Pitching for Durham Rapiers : LHP Archie Erickson
Now at SS: Milos Jaksch
Batting: RHB Simone Catalani 0-0: Called Strike
0-1: Called Strike
0-2: Ground out 4-3 (Groundball, 4)
Batting: LHB David Muller 0-0: Ball
1-0: Ball
2-0: Ball
3-0: Base on Balls
Batting: RHB George Cook 0-0: Ball
1-0: Called Strike
1-1: Foul Ball, location: 2F
1-2: Ball
2-2: Ball
3-2: Foul Ball, location: 2F
3-2: Strikes out swinging
Batting: RHB Cody Riddle 0-0: Called Strike
0-1: SINGLE (Flyball, 9S)
David Muller to second
Batting: SHB Julián Valentín 0-0: Called Strike
0-1: Ball
1-1: Ball
2-1: Foul Ball, location: 2F
2-2: Foul Ball, location: 2F
2-2: Fly out, F8 (Flyball, 8RD)
Top of the 9th over - 0 runs, 1 hit, 0 errors, 2 left on base; Westwood 8 - Durham 14
Friday, March 29th, 2019 - OOTP Baseball 18.8 Build 76